 Dungeon Crawl Stone Soup version 0.27-a0-1590-g15f69828bf (webtiles) character file.

Game seed: 11584171479866810785

2823 duskshroud the Grappler (level 9, -2/89 HPs)
             Began as a Troll Fighter on July 19, 2021.
             Was a Believer of Dithmenos.
             Succumbed to an orc warrior's poison
             ... on level 8 of the Dungeon.
             The game lasted 00:32:47 (6384 turns).

duskshroud the Grappler (Troll Fighter)             Turns: 6384, Time: 00:32:48

Health: -2/89      AC:  9    Str: 26    XL:     9   Next: 45%
Magic:  8/8        EV:  8    Int:  4    God:    Dithmenos [**....]
Gold:   332        SH:  9    Dex: 12    Spells: 8/8 levels left

rFire    . . .     SeeInvis .     - Unarmed
rCold    + . .     Faith    .   b - +0 kite shield
rNeg     . . .     Spirit   .   M - +2 robe {rC+}
rPois    .         Reflect  .   (helmet restricted)
rElec    .         Harm     .   j - +0 cloak
rCorr    .         Rampage  .   (gloves unavailable)
Will     .....                  (boots unavailable)
Stlth    +.........             (no amulet)
HPRegen  1.24/turn              (no ring)
MPRegen  0.11/turn              (no ring)

@: lethally poisoned (-2 -> -9), wreathed by umbra
A: large, unfitting armour, claws 3, regeneration 1, shaggy fur 1, tough skin 1,
hooves 1, iridescent scales 1
a: Renounce Religion, Shadow Step


You were on level 8 of the Dungeon.
You worshipped Dithmenos.
Dithmenos was pleased with you.
You visited 2 branches of the dungeon, and saw 9 of its levels.
You also visited: Sewer.

You collected 332 gold pieces.

Inventory:

Hand Weapons
 a - a +0 morningstar
 u - a +0 flail
Missiles
 D - 42 poisoned darts (quivered)
 G - 2 curare-tipped darts
Armour
 b - a +0 kite shield (worn)
 j - a +0 cloak (worn)
 M - a +2 robe of cold resistance (worn)
Magical Staves
 p - a staff of earth
 K - a staff of conjuration
Jewellery
 f - a ring of ice
 r - an amulet of magic regeneration
 s - a ring of see invisible
Wands
 n - a wand of flame (17)
 B - a wand of polymorph (7)
 C - a wand of iceblast (5)
Scrolls
 d - 4 scrolls of teleportation {unknown}
 e - 2 scrolls of enchant weapon {unknown}
 g - a scroll of fog {unknown}
 k - 5 scrolls of identify {unknown}
 m - 2 scrolls of amnesia {unknown}
 v - a scroll of fear {unknown}
 x - a scroll of noise {unknown}
 y - 2 scrolls of enchant armour {unknown}
 z - a scroll of vulnerability {unknown}
 N - a scroll of magic mapping {unknown}
Potions
 c - 4 potions of might
 h - 3 potions of berserk rage {unknown}
 i - a potion of cancellation {unknown}
 l - 2 potions of heal wounds {unknown}
 o - 4 potions of haste
 q - 3 potions of curing {unknown}
 t - a potion of magic {unknown}
 w - 3 potions of flight {unknown}
 A - 3 potions of degeneration {unknown}
 E - 4 potions of mutation
 F - a potion of resistance {unknown}
 H - 2 potions of brilliance {unknown}
 I - a potion of experience {unknown}
 J - 3 potions of invisibility {unknown}
 L - a potion of lignification {unknown}


   Skills:
 * Level 5.8 Fighting
 + Level 3.9 Throwing
 - Level 2.4 Dodging
 + Level 4.0 Shields
 - Level 10.0 Unarmed Combat


You had 8 spell levels left.
You didn't know any spells.
Your spell library contained the following spells:

 Spells                   Type           Power      Damage    Failure   Level
 Animate Skeleton         Necr           0%         N/A       86%         1
 Magic Dart               Conj           0%         1d3       86%         1
 Pain                     Necr           0%         1d4       86%         1
 Poisonous Vapours        Pois/Air       0%         N/A       94%         2
 Searing Ray              Conj           0%         3d3       94%         2
 Gell's Gravitas          Tloc           0%         N/A       99%         3
 Lesser Beckoning         Tloc           0%         N/A       99%         3
 Mephitic Cloud           Conj/Pois/Air  0%         N/A       99%         3
 Teleport Other           Tloc           0%         N/A       99%         3
 Vampiric Draining        Necr           0%         2d6       99%         3
 Fulminant Prism          Conj/Hex       0%         3d6       100%        4
 Passage of Golubria      Tloc           N/A        N/A       100%        4
 Freezing Cloud           Conj/Ice/Air   0%         6-21      100%        5
 Silence                  Hex/Air        0%         N/A       100%        5
 Summon Forest            Summ/Tloc      0%         N/A       100%        5
 Summon Mana Viper        Hex/Summ       0%         N/A       100%        5
 Shadow Creatures         Summ           N/A        N/A       100%        6
 Lehudib's Crystal Spear  Conj/Erth      0%         10d2      100%        8


Dungeon Overview and Level Annotations

Branches:
Dungeon (8/15)             Temple (1/1) D:5           Sewer (visited)
   Lair: D:8-11

Altars:
Cheibriados
Dithmenos
Elyvilon
Fedhas
Gozag
Hepliaklqana
Kikubaaqudgha
Makhleb
Nemelex Xobeh
Okawaru
Qazlal
Ru
Sif Muna
Trog
Uskayaw
Vehumet
Wu Jian
Xom
Yredelemnul
Zin
The Shining One

Annotations:
D:7 3 runed translucent doors, mandarbmax's ghost, novice OpEE


Innate Abilities, Weirdness & Mutations

You are too large for most types of armour.
You have claws for hands.
Your natural rate of healing is unusually fast.
You are covered in fur. (AC +1)
You have tough skin. (AC +1)
You have large cloven feet.
You are partially covered in iridescent scales. (AC +2)


Message History

You feel extremely sick. You block the orc warrior's attack.
You closely miss the orc warrior.
You feel extremely sick.
The orc warrior hits you with a +0 halberd of venom!
You scratch the orc warrior.
The orc warrior is lightly wounded.
You feel very sick. You block the orc warrior's attack.
You scratch the orc warrior but do no damage.
The orc warrior is lightly wounded.
You feel very sick. The orc warrior closely misses you.
You closely miss the orc warrior.
The orc warrior is lightly wounded.
You feel very sick.
The orc warrior hits you with a +0 halberd of venom!
* * * LOW HITPOINT WARNING * * *
You are lethally poisoned!
You claw the orc warrior!
The orc warrior is severely wounded.
* * * LOW HITPOINT WARNING * * *
You feel extremely sick. You block the orc warrior's attack.
Okay, then.
You closely miss the orc warrior.
The orc warrior is severely wounded.
* * * LOW HITPOINT WARNING * * *
You feel very sick. You block the orc warrior's attack.
You mangle the orc warrior!!
You kill the orc warrior!
Dithmenos accepts your kill.
* * * LOW HITPOINT WARNING * * *
You feel very sick.
Your Shields skill increases to level 4!
It was a potion of mutation.
You feel extremely strange.
Iridescent scales grow over part of your body.
Your feet thicken and deform.
You die...

#. .##.### # ##+#
.....#.# #...# #.#.#.#
## .....# #######.....
#. ......##.........##
#.
.......#.##...#...#####.
.......@................
......)#.##...#...#####.
......##.###.###.## #.
.....# #.###.###.# #.
#...# #.........# #.
##.. #####.##### #. #.
.#######.# #. .
#........# #. .#########
#.


There were no monsters in sight!

Vanquished Creatures
  Menkaure (D:4)
  A sky beast (D:6)
  A water moccasin (D:7)
  2 orc warriors
  2 ice beasts
  A necrophage (D:3)
  5 phantoms
  Blork the orc (D:5)
  4 kobold brigands (Sewer)
  5 scorpions
  2 bullfrogs (D:6)
  A water moccasin zombie (D:6)
  A howler monkey (D:5)
  3 wights (D:7)
  2 jellies
  2 centaur zombies
  A hound (D:6)
  An orc priest (D:7)
  A centaur skeleton (D:7)
  4 iguanas
  An orc wizard (D:3)
  Natasha (thrice) (D:4)
  A killer bee zombie (D:6)
  A howler monkey skeleton (D:7)
  8 adders
  2 shadow imps
  2 white imps (D:7)
  An ufetubus (D:5)
  4 worms
  11 dart slugs
  17 orcs
  6 ball pythons
  10 endoplasms
  4 giant cockroaches
  4 goblins
  3 hobgoblins
  9 jackals
  17 kobolds
  3 quokkas
  7 bats
  4 frilled lizards
  7 rats
166 creatures vanquished.

Vanquished Creatures (others)
  2 plants
  2 withered plants (D:2)
4 creatures vanquished.

Grand Total: 170 creatures vanquished

Notes
Turn   | Place    | Note
-------+----------+-------------------------------------------
     0 | D:1      | duskshroud the Troll Fighter began the quest for the Orb.
     0 | D:1      | Reached XP level 1. HP: 22/22 MP: 0/0
   298 | D:1      | Reached XP level 2. HP: 29/29 MP: 1/1
   405 | D:1      | Reached skill level 3 in Unarmed Combat
   856 | D:2      | Found a faded altar of an unknown god.
  1254 | D:2      | Reached XP level 3. HP: 32/36 MP: 2/2
  1628 | D:3      | Reached skill level 4 in Unarmed Combat
  1709 | D:3      | Reached XP level 4. HP: 43/44 MP: 3/3
  2062 | D:3      | Reached skill level 5 in Unarmed Combat
  2105 | D:3      | Reached XP level 5. HP: 48/50 MP: 4/4
  2352 | D:4      | Noticed a necrophage
  2385 | D:3      | Killed a necrophage
  2386 | D:3      | Reached skill level 6 in Unarmed Combat
  2404 | D:4      | Noticed Natasha
  2410 | D:4      | Killed Natasha
  2451 | D:4      | Noticed Menkaure
  2648 | D:4      | Reached XP level 6. HP: 59/59 MP: 5/5
  2715 | D:4      | Noticed Natasha
  2726 | D:4      | Killed Natasha
  2830 | D:4      | Noticed Natasha
  2836 | D:4      | Killed Natasha
  2888 | D:4      | Killed Menkaure
  2889 | D:4      | Reached skill level 7 in Unarmed Combat
  2965 | D:4      | Reached XP level 7. HP: 66/66 MP: 6/6
  3029 | D:5      | Entered Level 5 of the Dungeon
  3063 | D:5      | Reached skill level 8 in Unarmed Combat
  3134 | D:5      | Noticed Blork the orc
  3140 | D:5      | Killed Blork the orc
  3240 | D:5      | Found a staircase to the Ecumenical Temple.
  3388 | Temple   | Entered the Ecumenical Temple
  3695 | Temple   | Became a worshipper of Dithmenos the Shadowed
  4054 | D:5      | Reached skill level 9 in Unarmed Combat
  4288 | D:6      | Reached XP level 8. HP: 38/74 MP: 7/7
  4356 | D:6      | Reached skill level 10 in Unarmed Combat
  4408 | D:6      | Reached skill level 1 in Throwing
  4607 | D:6      | Found a glowing drain.
  4620 | Sewer    | Entered a sewer
  4666 | Sewer    | Reached * piety under Dithmenos
  4931 | D:6      | Reached XP level 9. HP: 81/85 MP: 8/8
  5209 | D:6      | Reached ** piety under Dithmenos
  5580 | D:7      | Found a runed translucent gate.
  5580 | D:7      | Found a runed translucent gate.
  5580 | D:7      | Found a runed translucent gate.
  5580 | D:7      | Noticed mandarbmax's ghost (novice OpEE)
  5593 | D:7      | Reached skill level 5 in Fighting
  6382 | D:8      | HP: 4/89 [poisoned by an orc warrior]
  6383 | D:8      | HP: 1/89 [poisoned by an orc warrior]
  6384 | D:8      | Gained mutation: You are partially covered in iridescent
                  | scales. (AC +2) [potion of mutation]
  6384 | D:8      | Gained mutation: You have large cloven feet. [potion of
                  | mutation]
  6384 | D:8      | Succumbed to an orc warrior's poison

Illustrated notes

Levels and vault maps discovered:
D:1:      lightli_arrival_windingriver, layout_loops_ring, hex_medium
D:2:      layout_basic, ebering_ecumenical_altar_petrified
D:3:      kennysheep_slugbush, layout_basic, hangedman_decor_points,
          corexii_shack
D:4:      layout_rooms, minmay_box_of_dots, uniq_menkaure, uniq_natasha
D:5:      layout_loops_corners, minmay_temple_entry_overgrown,
          uniq_blork_the_orc
D:6:      layout_layer_cave, portal_sewer_entry_b, minmay_bent
D:7:      layout_loops_ring, gammafunk_ghost_necromancy,
          amcnicky_mini_corridor_feature
D:8:      layout_loops_corners, uniq_prince_ribbit1
Temple:   regret_index_temple_sigil_plot

Skill      XL: |  1  2  3  4  5  6  7  8  9 |
---------------+----------------------------+-----
Unarmed Combat | 3 4 5 6 7 9 10 | 10.0
Fighting       | 4 5 |  5.8
Throwing       | 2 3 |  3.9
Shields        | 3 4 |  4.0
Dodging        | |  2.4

Action                   |  1- 3 |  4- 6 |  7- 9 || total
-------------------------+-------+-------+-------++-------
Melee: Unarmed           |   107 |   106 |   230 ||   443
       Punch             |       |       |     8 ||     8
Throw: Dart              |       |       |     1 ||     1
  Use: Potion            |       |       |     1 ||     1
 Stab: Sleeping          |     1 |       |     3 ||     4
Armor: Robe              |    33 |    30 |    50 ||   113
Dodge: Dodged            |    26 |    23 |    89 ||   138
Block: Kite shield       |    40 |    28 |     9 ||    77

Table legend: (Time is in decaauts)
 A = Elapsed time spent in this place.
 B = Non-inter-level travel time spent in this place.
 C = Inter-level travel time spent in this place.
 D = Time resting spent in this place.
 E = Time spent auto-exploring this place.
 F = Levels seen in this place.
 G = Mean time per level.
                   A        B        C        D        E       F      G
               +--------+--------+--------+--------+--------+-----+--------+
         Total |   6446 |   5932 |    514 |     84 |   3714 |  10 |  644.6 |
       Dungeon |   5805 |   5309 |    496 |     65 |   3521 |   8 |  725.6 |
        Temple |    326 |    308 |     18 |      0 |    193 |   1 |  326.0 |
         Sewer |    313 |    313 |      0 |     19 |      0 |   1 |  313.0 |
               +--------+--------+--------+--------+--------+-----+--------+

Top non-repeatable levels by time:
     D:2: 991 daAuts
     D:6: 974 daAuts
     D:3: 915 daAuts
     D:5: 913 daAuts
     D:7: 664 daAuts
     D:1: 617 daAuts
     D:4: 568 daAuts
  Temple: 326 daAuts
   Sewer: 313 daAuts
     D:8: 159 daAuts
